 Dungeon Crawl Stone Soup version 0.32-a0-913-g739538afd8 (webtiles) character file.

Game seed: 16099807760418265364

887 Heh the Slasher (level 8, -2/56 HPs)
             Began as a Coglin Gladiator on Apr 7, 2024.
             Was a Believer of Beogh.
             Slain by an ice beast (12 damage)
             ... on level 6 of the Dungeon.
             The game lasted 00:06:19 (4946 turns).

Heh the Slasher (Coglin Gladiator)                  Turns: 4946, Time: 00:06:20

Health: -2/56      AC:  6    Str: 14    XL:     8   Next: 5%
Magic:  8/8        EV: 12    Int:  9    God:    Beogh [**....]
Gold:   243        SH:  0    Dex: 17    Spells: 7/7 levels left

rFire   . . .        a - +0 long sword {Sinnashi}
rCold   . . .        E - +0 long sword {Ari}
rNeg    . . .        h - +0 ring mail
rPois   .            c - +0 helmet
rElec   .            (no cloak)
rCorr   .            (no gloves)
SInv    .            (no boots)
Will    .....        (amulet unavailable)
Stlth   +            (ring unavailable)
HPRegen 0.29/turn    (ring unavailable)
MPRegen 0.11/turn    (no gizmo)

%: no passive effects
@: invisible, revving
A: off-hand wielding, slow wielding, warmup strikes, no jewellery
a: Invent Gizmo, Renounce Religion, Smiting


You were on level 6 of the Dungeon.
You worshipped Beogh.
Beogh was pleased with you.
You visited 1 branch of the dungeon, and saw 6 of its levels.
You also visited: Sewer.

You collected 243 gold pieces.

Inventory:

Hand Weapons
 a - a +0 long sword (weapon) {Sinnashi}
 f - a +0 dagger {Somchai}
 p - a +0 rapier {Surjit}
 E - a +0 long sword (offhand) {Ari}
Missiles
 d - 2 throwing nets (quivered)
 e - a javelin
 y - 6 boomerangs
Armour
 b - a +0 leather armour
 c - a +0 helmet (worn)
 h - a +0 ring mail (worn)
Scrolls
 j - a scroll of blinking
 l - a scroll of torment
 o - a scroll of butterflies
 r - 4 scrolls of revelation {unknown}
 t - a scroll of silence
 u - a scroll of amnesia
 v - 2 scrolls of vulnerability
 w - 5 scrolls of immolation {unknown}
 x - 2 scrolls of enchant armour
 z - a scroll of fog {unknown}
 A - a scroll of enchant weapon
 B - a scroll of brand weapon {unknown}
 C - a scroll of teleportation {unknown}
Potions
 g - 2 potions of might {unknown}
 i - 2 potions of cancellation
 k - 2 potions of lignification {unknown}
 m - 3 potions of invisibility
 n - 5 potions of mutation {unknown}
 q - a potion of degeneration {unknown}
 s - 7 potions of curing {unknown}
 D - 2 potions of heal wounds {unknown}


   Skills:
 - Level 2.0 Fighting
 + Level 7.0 Long Blades
 - Level 1.7 Throwing
 + Level 6.3 Dodging


You had 7 spell levels left.
You didn't know any spells.
Your spell library contained the following spells:

 Spells                   Type           Power      Damage    Failure   Level
 Magic Dart               Conj           0%         1d3       63%         1
 Sandblast                Erth           0%         2d4       63%         1
 Blink                    Tloc           0%         N/A       77%         2
 Call Imp                 Summ           0%         N/A       77%         2
 Scorch                   Fire           0%         2d5       77%         2
 Stone Arrow              Conj/Erth      0%         3d7       94%         3
 Brom's Barrelling Bould  Conj/Erth      0%         2d3       100%        4
 Flame Wave               Conj/Fire      0%         2d4       100%        4
 Summon Cactus Giant      Summ           0%         N/A       100%        6


Dungeon Overview and Level Annotations

Branches:
Dungeon (6/15)              Sewer (visited)
 Temple: D:4-7

Altars:
Nemelex Xobeh
Yredelemnul


Innate Abilities, Weirdness & Mutations

Your facial features look somewhat orcish.
You can wield a second weapon in your off-hand.
It takes a long time for you to wield or remove held weapons.
Your first few attacks do less damage.
You cannot equip rings or amulets.


Message History

It shouts, "Heh is one of us!"
The orc relaxes its fighting stance and smiles at you.
An orc comes into view. It is wielding a +0 club.
Found a cloak.
The orc moves out of view.
An orc priest comes into view. It is wielding a +0 hand axe.
The orc priest shouts!
You hear a shout! x2
The ice beast closely misses you.
You closely miss the ice beast with your +0 long sword.
You slash the ice beast with your +0 long sword!
The orc misses you. The ice beast closely misses you.
You hit the ice beast with your +0 long sword.
The ice beast is moderately wounded.
You hit the ice beast but do no damage. The orc wizard casts a spell at you.
The magic dart hits you! The orc hits you but does no damage.
The ice beast hits you. The ice beast freezes you!
You hit the ice beast but do no damage.
The ice beast is moderately wounded.
You hit the ice beast with your +0 long sword.
The orc hits you with a +0 club.
The orc priest looks encouraged for a moment.
An orc comes into view. It is wielding a +0 club.
The orc stares at you in amazement and kneels.
It shouts, "Heh is one of us!"
The ice beast hits you. The ice beast freezes you!
You barely miss the orc wizard with your +0 long sword.
You hit the orc wizard but do no damage.
The orc wizard barely misses you. The orc barely misses you.
The ice beast hits you. The ice beast freezes you!
* * * LOW HITPOINT WARNING * * *
Unknown command.
It was a potion of invisibility.
You fade into invisibility!
The orc wizard casts a spell at you. The magic dart hits you.
* * * LOW HITPOINT WARNING * * *
The orc hits you but does no damage. The ice beast hits you.
* * * LOW HITPOINT WARNING * * *
The ice beast freezes you!
You die...

##### ##...###
##......## #...'##'.##
###...#~รท#..#
#.#..##~~##.#
##....#~~~~#.#
#Y@...#~~~~#.##
......oo...##~~##..##
#....o......#~~#....##
#..........##''##.#..#
........##.#~.~~#.#..#
[........#.######....#
..................##.#
.....#### ##.....###.#
##...####.##


You could see an ice beast (unable to see you), an orc priest (unable to see
you), an orc wizard (unable to see you) and an orc (unable to see you).

Vanquished Creatures
  3 ogres (D:5)
  A scorpion (D:5)
  2 bombardier beetles
  4 jellies (Sewer)
  2 hounds (D:5)
  An iguana (D:4)
  10 adders
  7 river rats
  A white imp (D:5)
  5 ribbon worms
  2 dart slugs
  16 orcs
  13 ball pythons
  3 bats
  12 endoplasms
  7 giant cockroaches
  9 goblins
  4 hobgoblins
  2 quokkas
  8 frilled lizards
  12 kobolds
  9 rats
133 creatures vanquished.

Notes
Turn   | Place    | Note
-------+----------+-------------------------------------------
     0 | D:1      | Heh the Coglin Gladiator began the quest for the Orb.
     0 | D:1      | Reached XP level 1. HP: 16/16 MP: 1/1
   142 | D:1      | Reached XP level 2. HP: 22/22 MP: 2/2
   773 | D:2      | Reached XP level 3. HP: 26/27 MP: 3/3
  1033 | D:2      | Reached skill level 4 in Long Blades
  1080 | D:2      | Reached XP level 4. HP: 33/33 MP: 4/4
  1855 | D:3      | Reached XP level 5. HP: 38/38 MP: 5/5
  2119 | D:4      | Became a worshipper of Beogh the Shepherd
  2349 | D:4      | Found a sparkling altar of Nemelex Xobeh.
  2895 | D:5      | Entered Level 5 of the Dungeon
  2895 | D:5      | Noticed an ogre
  2907 | D:4      | Reached skill level 5 in Long Blades
  3262 | D:5      | Reached XP level 6. HP: 28/44 MP: 6/6
  3432 | D:5      | Reached skill level 5 in Dodging
  3434 | D:5      | Found a basalt altar of Yredelemnul.
  3485 | D:5      | Reached * piety under Beogh
  3486 | D:5      | Reached XP level 7. HP: 21/50 MP: 7/7
  3613 | D:5      | Reached skill level 6 in Long Blades
  4082 | D:6      | Found a glowing drain.
  4086 | Sewer    | Entered a sewer
  4452 | Sewer    | Reached ** piety under Beogh
  4666 | Sewer    | Found a viscous altar of Jiyva.
  4732 | Sewer    | Reached XP level 8. HP: 41/56 MP: 8/8
  4810 | Sewer    | Reached skill level 7 in Long Blades
  4946 | D:6      | Slain by an ice beast

Illustrated notes

Levels and vault maps discovered:
D:1:      roadster_arrival_rocket_large, layout_loops_ring
D:2:      layout_loops_ring
D:3:      layout_basic
D:4:      layout_loops_cross, nemelex_spade_bored_becter, st_stairs_13
D:5:      layout_rooms, overflow_temple_1_default
D:6:      wander_river, layout_cave_pools, fedhas_ov_isle_minmay,
          fiery_altar_vehumet, serial_shops, nicolae_shop_bloodbath_and_beyond,
          shop, nicolae_shop_rolling_square, gup_sewer_entry_bowl,
          minmay_unpleasant_kobolds

Skill      XL: |  1  2  3  4  5  6  7  8 |
---------------+-------------------------+-----
Dodging        | 3 4 5 6 |  6.3
Long Blades    | 4 5 6 7 |  7.0
Fighting       | |  2.0
Throwing       | |  1.7

Action                     |  1- 3 |  4- 6 |  7- 9 || total
---------------------------+-------+-------+-------++-------
  Melee: Long sword        |    60 |   101 |   143 ||   304
         Dagger            |    40 |       |       ||    40
         Rapier            |    18 |   108 |   115 ||   241
  Throw: Throwing net      |       |       |     1 ||     1
 Invoke: Convert to Beogh  |       |     1 |       ||     1
    Use: Scroll            |       |     9 |       ||     9
         Potion            |       |       |     1 ||     1
   Stab: Held in net/web   |       |       |     2 ||     2
 Armour: Ring mail         |    48 |    62 |    99 ||   209
         Leather armour    |     1 |       |       ||     1
  Dodge: Dodged            |    50 |    77 |   121 ||   248

Table legend: (Time is in decaauts)
 A = Elapsed time spent in this place.
 B = Non-inter-level travel time spent in this place.
 C = Inter-level travel time spent in this place.
 D = Time resting spent in this place.
 E = Time spent auto-exploring this place.
 F = Levels seen in this place.
 G = Mean time per level.
                   A        B        C        D        E       F      G
               +--------+--------+--------+--------+--------+-----+--------+
         Total |   5014 |   4889 |    125 |    294 |   3711 |   7 |  716.3 |
       Dungeon |   4139 |   4014 |    125 |    294 |   3068 |   6 |  689.8 |
         Sewer |    875 |    875 |      0 |      0 |    643 |   1 |  875.0 |
               +--------+--------+--------+--------+--------+-----+--------+

Top non-repeatable levels by time:
     D:4: 1091 daAuts
   Sewer: 875 daAuts
     D:5: 813 daAuts
     D:1: 762 daAuts
     D:2: 743 daAuts
     D:3: 624 daAuts
     D:6: 102 daAuts
